 Dungeon Crawl Stone Soup version 0.18.1-47-g9310371 (webtiles) character file.

359 DevlanMud the Cudgeler (level 6, -6/47 HPs)
             Began as a Demonspawn Gladiator on June 24, 2016.
             Mangled by a gnoll
             ... wielding a +0 halberd
              (10 damage)
             ... on level 4 of the Dungeon.
             The game lasted 00:09:19 (3637 turns).

DevlanMud the Cudgeler (Demonspawn Gladiator)       Turns: 3637, Time: 00:09:23

Health: -6/47      AC: 10    Str: 17    XL:     6   Next: 37%
Magic:  6/6        EV:  7    Int: 10    God:
Gold:   162        SH:  3    Dex: 13    Spells: 0 memorised, 5 levels left

rFire  . . .     SeeInvis .     a - +0 flail
rCold  . . .     Gourm    .     b - +0 chain mail
rNeg   . . .     Faith    .     e - +0 buckler
rPois  .         Spirit   .     (helmet restricted)
rElec  .         Dismiss  .     j - +0 cloak
rCorr  .         Reflect  .     (no gloves)
SustAt .         Harm     .     (no boots)
MR     .....                    (no amulet)
Stlth  ..........               (no ring)
                                (no ring)

@: not resistant to hostile enchantments, extremely unstealthy
A: antennae 1, rot immunity
a: no special abilities


You were on level 4 of the Dungeon.
You were not hungry.

You visited 1 branch of the dungeon, and saw 4 of its levels.

You collected 162 gold pieces.

Inventory:

Hand Weapons
 a - a +0 flail (weapon)
Missiles
 d - 3 throwing nets (quivered)
Armour
 b - a +0 chain mail (worn)
 e - a +0 buckler (worn)
 j - a +0 cloak (worn)
 l - a +2 scale mail of poison resistance
Wands
 k - a wand of lightning (2/15)
Scrolls
 m - a scroll of remove curse
 o - a scroll of teleportation
 q - a scroll of fear
Potions
 h - a potion of lignification {unknown}
 i - a potion of curing
 p - a potion of agility
Books
 n - a book of Air

   Spells                             Type                      Level
   a - Shock                          Conjuration/Air              1
   b - Swiftness                      Charms/Air                   2
   c - Repel Missiles                 Charms/Air                   2
   d - Static Discharge               Conjuration/Air              3
   e - Lightning Bolt                 Conjuration/Air              5
Comestibles
 c - 3 chunks of flesh
 f - 3 bread rations
 g - a meat ration


   Skills:
 + Level 3.1 Fighting
 * Level 4.8 Maces & Flails
 - Level 1.7 Throwing
 + Level 2.7 Armour
 + Level 3.4 Dodging


You had 5 spell levels left.
You didn't know any spells.

Dungeon Overview and Level Annotations

Branches:
Dungeon (4/15)
 Temple: D:4-7

Altars:
Fedhas
Xom


Innate Abilities, Weirdness & Mutations

You have a pair of small antennae on your head.
You are immune to rotting.


Message History

You hit the gnoll shaman.
The gnoll shaman is severely wounded.
The gnoll hits you from afar with a halberd!
The gnoll shaman hits you but does no damage.
You sock the gnoll shaman!
You kill the gnoll shaman!
The gnoll hits you from afar with a halberd.
The gnoll barely misses you. The gnoll barely misses you.
The gnoll hits you but does no damage.
Things that are here:
a club; a leather armour; a gnoll corpse You hit the gnoll but do no damage.
The gnoll hits you with a halberd! The gnoll hits you but does no damage.
Your chain mail prevents you from hitting the gnoll.
The gnoll hits you with a halberd!
* * * LOW HITPOINT WARNING * * *
The gnoll hits you from afar with a halberd!
* * * LOW HITPOINT WARNING * * *
The gnoll hits you with a halberd!
You die...

#####=#.#.###.#
#.........#..#
#########.#.#......#
..........#.#.#.#..#
###########.#.# # #
#....#.# #.##.#..
#.########.#
#......@ggg#
############


You could see 3 gnolls.

Vanquished Creatures
  The ghost of SavageBastard the Skirmisher, an amateur MiBe of Trog (D:3)
  An orc wizard (D:3)
  A gnoll shaman (D:4)
  3 gnolls (D:2)
  4 adders
  3 worms
  3 dart slugs
  3 giant geckos
  3 orcs (D:3)
  3 ball pythons
  11 bats
  A giant cockroach (D:2)
  9 goblins
  10 hobgoblins
  2 jackals (D:1)
  4 quokkas
  3 giant newts
  6 kobolds
  A quokka skeleton (D:4)
  5 rats
77 creatures vanquished.

Notes
Turn   | Place    | Note
--------------------------------------------------------------
     0 | D:1      | DevlanMud the Demonspawn Gladiator began the quest for the Orb.
     0 | D:1      | Reached XP level 1. HP: 16/16 MP: 1/1
   502 | D:1      | Reached skill level 3 in Maces & Flails
   544 | D:1      | Gained mutation: You have a pair of small antennae on your head. [demonic ancestry]
   544 | D:1      | Reached XP level 2. HP: 21/22 MP: 2/2
  1202 | D:2      | Reached XP level 3. HP: 12/28 MP: 3/3
  1570 | D:2      | Reached skill level 1 in Armour
  1572 | D:2      | Gained mutation: You are immune to rotting. [demonic ancestry]
  1572 | D:2      | Reached XP level 4. HP: 18/34 MP: 4/4
  2716 | D:3      | Reached XP level 5. HP: 38/40 MP: 5/5
  2780 | D:3      | Noticed SavageBastard's ghost (amateur MiBe)
  2799 | D:3      | Killed SavageBastard's ghost
  2799 | D:3      | Reached skill level 4 in Maces & Flails
  2799 | D:3      | Reached XP level 6. HP: 22/47 MP: 6/6
  3423 | D:3      | Found a shimmering altar of Xom.
  3424 | D:3      | Found a blossoming altar of Fedhas.
  3637 | D:4      | Mangled by a gnoll

Skill      XL: |  1  2  3  4  5 |
---------------+----------------+-----
Maces & Flails | 3 4 |  4.8
Dodging        | 3 |  3.4
Armour         | 1 2 |  2.7
Fighting       | 3 |  3.1
Throwing       | |  1.7

Action                   |  1- 3 |  4- 6 || total
-------------------------+-------+-------++-------
Melee: Flail             |   132 |   226 ||   358
Evoke: Wand              |       |     2 ||     2
  Use: Scroll            |     3 |     3 ||     6
       Potion            |       |     3 ||     3
  Eat: Chunk             |     2 |     7 ||     9
Armor: Chain mail        |    82 |   154 ||   236
       Leather armour    |     3 |       ||     3
Dodge: Dodged            |    53 |   103 ||   156
Block: Buckler           |    25 |    44 ||    69
